 Dungeon Crawl Stone Soup version 0.17-a0-125-g34d91a1 (webtiles) character file.

142 Grim the Ruffian (level 5, -1/37 HPs)
             Began as an Octopode Wanderer on Mar 23, 2015.
             Slain by an orc wizard
             ... wielding a +0 dagger
              (3 damage)
             ... on level 3 of the Dungeon.
             The game lasted 00:06:12 (2986 turns).

Grim the Ruffian (Octopode Wanderer)                Turns: 2986, Time: 00:06:13

Health: -1/37      AC:  1    Str: 13    XL:     5   Next: 24%
Magic:  11/11      EV: 11    Int: 13    God:
Gold:   108        SH:  0    Dex: 12    Spells: 0 memorised, 10 levels left

rFire  . . .     SeeInvis .       - Unarmed
rCold  . . .     Clarity  .     (no shield)
rNeg   . . .     SustAb   .     (helmet restricted)
rPois  .         Gourm    .     (no amulet)
rElec  .         Spirit   .     (no ring)
rCorr  .         Warding  .     (no ring)
rMut   .         Stasis   .     (no ring)
MR     .....                    (no ring)
Stlth  ++........               (no ring)
                                (no ring)
                                (no ring)
                                (no ring)

@: invisible, not resistant to hostile enchantments, unstealthy
A: almost no armour, amphibious, 8 rings, constrict 8, camouflage 1, gelatinous
body 1
a: no special abilities


You were on level 3 of the Dungeon.
You were not hungry.

You visited 1 branch of the dungeon, and saw 3 of its levels.

You collected 108 gold pieces.

Inventory:

Scrolls
 a - 2 scrolls of amnesia {unknown}
 e - 2 scrolls of teleportation {unknown}
 h - a scroll of fog {unknown}
 k - a scroll of identify
 l - a scroll of magic mapping
Potions
 b - a potion of lignification
 i - a potion of curing {unknown}
Books
 c - the Guide on Aid

   Spells                             Type                      Level
   a - Infusion                       Charms                       1
   b - Spectral Weapon                Hexes/Charms                 3
Comestibles
 d - a fruit
 f - a bread ration
 j - a meat ration


   Skills:
 + Level 3.9 Fighting
   Level 2.0 Bows
 * Level 4.0 Unarmed Combat
 - Level 3.0 Spellcasting
   Level 2.1 Evocations


You had 10 spell levels left.
You didn't know any spells.

Dungeon Overview and Level Annotations

Branches:
Dungeon (3/15)

Altars:


Innate Abilities, Weirdness & Mutations

You cannot wear most types of armour.
You are amphibious.
You can wear up to eight rings at the same time.
You can use your tentacles to constrict many enemies at once.
Your skin changes colour to match your surroundings (Stealth).
Your rubbery body absorbs attacks (AC +1).


Message History

You tentacle-slap the orc wizard.
The orc wizard is moderately wounded.
You constrict the orc wizard. The orc wizard hits you with a dagger.
The orc hits you with a flail!
* * * LOW HITPOINT WARNING * * *
The orc wizard hits you but does no damage.
You tentacle-slap the orc wizard but do no damage.
The orc wizard is heavily wounded.
You constrict the orc wizard.
The orc wizard hits you but does no damage.
The orc hits you with a flail!
* * * LOW HITPOINT WARNING * * *
You release your grip on the orc wizard.
The orc wizard hits you with a dagger.
* * * LOW HITPOINT WARNING * * *
There is a stone staircase leading up here.
Drink which item? (? for menu, Esc to quit)
You fade into invisibility!
The orc wizard hits you with a dagger.
You die...

### .##...
......####
.......)..#######..
#....o@........
#####.######### #o#
...............#
#######.#.##...
#..... ### ##. .


You could see an orc wizard and an orc.

Vanquished Creatures
  A worker ant (D:2)
  4 adders (D:2)
  A giant mite (D:2)
  2 worms (D:2)
  2 giant geckos (D:2)
  An orc (D:3)
  6 bats
  11 hobgoblins
  A quokka (D:2)
  4 giant cockroaches
  4 giant newts
  8 goblins
  8 kobolds
  2 rats
55 creatures vanquished.

Notes
Turn   | Place    | Note
--------------------------------------------------------------
     0 | D:1      | Grim, the Octopode Wanderer, began the quest for the Orb.
     0 | D:1      | Grim set off with: a +2 shortbow, a potion of lignification, the Guide on Aid, 26 arrows, a bread ration
     0 | D:1      | Reached XP level 1. HP: 16/16 MP: 4/4
    37 | D:1      | Identified the Guide on Aid
   254 | D:1      | Reached skill level 1 in Unarmed Combat
   268 | D:1      | Reached XP level 2. HP: 13/21 MP: 6/6
   877 | D:2      | Reached XP level 3. HP: 9/26 MP: 7/7
  1302 | D:2      | Reached XP level 4. HP: 14/32 MP: 9/9
  2215 | D:2      | Reached XP level 5. HP: 16/37 MP: 11/11
  2976 | D:3      | Reached skill level 4 in Unarmed Combat
  2986 | D:3      | Slain by an orc wizard

Action                   |  1- 3 |  4- 6 || total
-------------------------+-------+-------++-------
Melee: Unarmed           |    78 |    76 ||   154
 Fire: Shortbow          |     1 |       ||     1
  Use: Scroll            |     4 |       ||     4
       Potion            |       |     1 ||     1
 Stab: Sleeping          |     7 |     3 ||    10
  Eat: Chunk             |     1 |       ||     1
       Bread ration      |       |     2 ||     2
